 Dungeon Sprint DCSS version 0.19-a0-1827-g174f941 (webtiles) character file.

3822 Theye the Sharpshooter (level 9, -1/85 HPs)
             Began as a Deep Dwarf Hunter on Oct 7, 2016.
             Was an Elder of Okawaru.
             Slain by a blink frog (10 damage)
             ... in the Dungeon (Sprint IX: "|||||||||||||||||||||||||||||").
             The game lasted 00:03:11 (481 turns).

Theye the Sharpshooter (Deep Dwarf Hunter)           Turns: 481, Time: 00:03:12

Health: -1/85      AC: 13    Str: 19    XL:     9   Next: 97%
Magic:  5/5        EV: 13    Int: 12    God:    Okawaru [****..]
Gold:   25         SH:  0    Dex: 16    Spells: 0 memorised, 8 levels left

rFire  . . .     SeeInvis .     v - +2 halberd of Turmoil {antimagic, rN+ MR+}
rCold  . . .     Gourm    .     u - +1 scale mail
rNeg   + . .     Faith    .     (shield currently unavailable)
rPois  .         Spirit   .     q - +0 helmet
rElec  .         Dismiss  .     (no cloak)
rCorr  .         Reflect  .     (no gloves)
MR     ++...     Harm     .     r - +0 pair of boots
Stlth  .......... NoTele   +    (no amulet)
                                s - +3 ring of strength
                                t - +2 ring of protection

@: lethally poisoned (-1 -> -1), non-regenerating
A: damage resistance, recharge devices, sense surroundings 2, slow regeneration
3
a: Device Recharging, Heroism, Renounce Religion


You were in the Dungeon.
You worshipped Okawaru.
Okawaru was greatly pleased with you.
You were not hungry.

You visited 1 branch You collected 25 gold pieces.

Inventory:

Hand Weapons
 a - a +1 hand crossbow
 v - the +2 halberd of Turmoil (weapon) {antimagic, rN+ MR+}
   (You found it in the Dungeon)

   It reduces the magical energy of the wielder, and disrupts the spells and
   magical abilities of those hit.
   Natural abilities and divine invocations are not affected.
   It protects you from negative energy.
   It affects your resistance to hostile enchantments.
Missiles
 d - 29 bolts
Armour
 q - a +0 helmet (worn)
 r - a +0 pair of boots (worn)
 u - a +1 scale mail (worn)
Jewellery
 s - a +3 ring of strength (right hand)
 t - a +2 ring of protection (left hand)
Wands
 e - a wand of heal wounds (3/9)
 p - a wand of acid (4/15)
Scrolls
 k - 2 scrolls of fear
 l - 3 scrolls of blinking
 n - 3 scrolls of remove curse
 o - 2 scrolls of amnesia
 w - 2 scrolls of enchant armour
 x - a scroll of fog
 y - 2 scrolls of immolation
Potions
 b - a potion of cure mutation
 c - a potion of brilliance
 h - 3 potions of heal wounds
 i - a potion of haste
 j - 4 potions of magic
 m - 6 potions of curing
Comestibles
 f - a bread ration


   Skills:
 + Level 6.7 Fighting
 * Level 10.8 Polearms
 * Level 16.0 Crossbows
 + Level 6.4 Armour
 + Level 5.4 Dodging
 - Level 1.2 Stealth
 * Level 4.9 Invocations
 * Level 10.1 Evocations


You had 8 spell levels left.
You didn't know any spells.

Dungeon Overview and Level Annotations

Branches:
Dungeon (1/1)

Altars:
Cheibriados
Dithmenos
Elyvilon
Fedhas
Gozag
Hepliaklqana
Kikubaaqudgha
Makhleb
Nemelex Xobeh
Okawaru
Qazlal
Ru
Sif Muna
Trog
Uskayaw
Vehumet
Xom
Yredelemnul
Zin
The Shining One
Beogh
Jiyva
Lugonu


Innate Abilities, Weirdness & Mutations

You are resistant to damage.
You can recharge devices by infusing magical energy.
You passively map the area around you.
You do not regenerate.


Message History

You are too injured to fight recklessly!
You are too injured to fight recklessly!
The blink frog misses you.
You puncture the blink frog!
The blink frog's magic leaks into the air.
The blink frog is heavily wounded.
The blink frog hits you but does no damage.
You closely miss the blink frog.
The blink frog is heavily wounded.
The blink frog hits you!
* * * LOW HITPOINT WARNING * * *
The blink frog blinks!
The blink frog blinks!
The blink frog falters for a moment.
The blink frog hits you.
* * * LOW HITPOINT WARNING * * *
You barely miss the blink frog.
The blink frog is heavily wounded.
The blink frog barely misses you. The blink frog hits you!
You die...

▓▓▓▓▓▓▓▓▓▓▓▓▓▓▓▓▓▓▓▓▓▓▓▓▓▓▓▓▓▓▓▓▓
..'._______________________'.....
▓▓▓▓▓▓▓▓▓▓▓▓▓▓▓▓▓▓▓▓▓▓▓▓▓▓▓▓▓▓▓▓▓
.................................
▓▓▓▓▓▓▓▓▓▓▓▓▓▓▓▓▓▓▓▓▓▓▓▓▓▓▓▓▓▓▓▓▓
.....((†(.F@....††.......... *
*▓▓▓▓▓▓▓▓▓▓▓▓▓▓▓▓▓▓▓▓▓▓▓▓▓▓▓▓ , ,
,, , , , , * * ** * * *** * ** *
, +,, , , , * * * ** ,,,, , ,, ,
,, , * * * , , , , ,


You could see a blink frog.

Vanquished Creatures
  2 hill giants (D)
  A cyclops (D)
  A spiny frog (D)
  A komodo dragon (D)
  A troll (D)
  A hornet (D)
  4 water moccasins (D)
  2 porcupines (D)
  2 centaurs (D)
  A phantom (D)
  4 crocodiles (D)
  3 bullfrogs (D)
  A scorpion (D)
  A jelly (D)
  A quasit (D)
  An iguana (D)
  A worker ant (D)
  A shadow imp (D)
  An ooze (D)
  An adder zombie (D)
  A bat skeleton (D)
  2 goblins (D)
  2 hobgoblins (D)
  A kobold (D)
  A leopard gecko zombie (D)
38 creatures vanquished.

Notes
Turn   | Place    | Note
-------+----------+-------------------------------------------
     0 | D        | Theye the Deep Dwarf Hunter began the quest for the Orb.
     0 | D        | Reached XP level 1. HP: 19/19 MP: 1/1
     4 | D        | Reached skill level 5 in Crossbows
    21 | D        | Noticed a worker ant
    21 | D        | Noticed a phantom
    31 | D        | Killed a phantom
    31 | D        | Reached skill level 9 in Crossbows
    31 | D        | Reached XP level 2. HP: 9/27 MP: 1/4
    31 | D        | Reached XP level 3. HP: 12/33 MP: 1/5
    31 | D        | Reached XP level 4. HP: 14/40 MP: 1/6
    37 | D        | Reached skill level 1 in Armour
    38 | D        | Reached skill level 10 in Crossbows
    69 | D        | Found a roughly hewn altar of Beogh.
    69 | D        | Found a snail-covered altar of Cheibriados.
    69 | D        | Found a shadowy altar of Dithmenos.
    69 | D        | Found a white marble altar of Elyvilon.
    69 | D        | Found a blossoming altar of Fedhas.
    69 | D        | Found an opulent altar of Gozag.
    70 | D        | Found a hazy altar of Hepliaklqana.
    71 | D        | Found a viscous altar of Jiyva.
    72 | D        | Found an ancient bone altar of Kikubaaqudgha.
    73 | D        | Found a corrupted altar of Lugonu.
    74 | D        | Found a burning altar of Makhleb.
    75 | D        | Found a sparkling altar of Nemelex Xobeh.
    76 | D        | Found an iron altar of Okawaru.
    77 | D        | Found a stormy altar of Qazlal.
    78 | D        | Found a sacrificial altar of Ru.
    79 | D        | Found a deep blue altar of Sif Muna.
    80 | D        | Found a bloodstained altar of Trog.
    81 | D        | Found a hide-covered altar of Uskayaw.
    82 | D        | Found a radiant altar of Vehumet.
    83 | D        | Found a shimmering altar of Xom.
    84 | D        | Became a worshipper of Warmaster Okawaru
    85 | D        | Found a basalt altar of Yredelemnul.
    86 | D        | Found a glowing silver altar of Zin.
    87 | D        | Found a glowing golden altar of the Shining One.
   144 | D        | Got the +2 halberd of Turmoil {antimagic, rN+ MR+}
   159 | D        | Noticed a hill giant
   159 | D        | Noticed a centaur
   159 | D        | Noticed a centaur
   163 | D        | Killed a centaur
   163 | D        | Reached skill level 11 in Crossbows
   163 | D        | Reached XP level 5. HP: 49/49 MP: 2/8
   166 | D        | Killed a centaur
   166 | D        | Reached skill level 12 in Crossbows
   166 | D        | Reached skill level 5 in Evocations
   166 | D        | Reached XP level 6. HP: 56/56 MP: 3/9
   168 | D        | Killed a hill giant
   168 | D        | Reached * piety under Okawaru
   168 | D        | Reached skill level 14 in Crossbows
   168 | D        | Reached XP level 7. HP: 40/66 MP: 4/12
   199 | D        | Noticed a cyclops
   199 | D        | Noticed a hill giant
   199 | D        | Noticed a troll
   205 | D        | Killed a troll
   205 | D        | Reached ** piety under Okawaru
   205 | D        | Reached skill level 5 in Polearms
   205 | D        | Reached skill level 15 in Crossbows
   205 | D        | Reached XP level 8. HP: 73/73 MP: 4/13
   213 | D        | Killed a hill giant
   213 | D        | Reached skill level 5 in Fighting
   222 | D        | HP: 2/75 [cyclops (24)]
   227 | D        | Killed a cyclops
   227 | D        | Reached *** piety under Okawaru
   232 | D        | Gained mutation: You passively map the area around you. [Deep Dwarf growth]
   232 | D        | Reached XP level 9. HP: 46/82 MP: 5/15
   359 | D        | Noticed a spiny frog
   365 | D        | Reached skill level 1 in Invocations
   369 | D        | Reached skill level 5 in Armour
   369 | D        | Reached skill level 5 in Dodging
   395 | D        | Killed a spiny frog
   395 | D        | Reached **** piety under Okawaru
   395 | D        | Received a gift from Okawaru
   402 | D        | Reached skill level 10 in Polearms
   406 | D        | Paralysed by a hornet for 2 turns
   428 | D        | Noticed a komodo dragon
   440 | D        | Received a gift from Okawaru
   454 | D        | Killed a komodo dragon
   454 | D        | Reached skill level 10 in Evocations
   470 | D        | Reached skill level 16 in Crossbows
   481 | D        | Slain by a blink frog

Vault maps used:
D:        linesprint

Skill      XL: |  1  2  3  4  5  6  7  8  9 |
---------------+----------------------------+-----
Crossbows      | 9 11 12 14 15 16 | 16.0
Fighting       | 2 3 4 5 6 |  6.7
Evocations     | 3 4 5 7 8 10 | 10.1
Armour         | 1 2 3 4 6 |  6.4
Polearms       | 2 4 5 8 10 | 10.8
Dodging        | 3 4 5 |  5.4
Invocations    | 4 |  4.9
Stealth        | |  1.2

Action                   |  1- 3 |  4- 6 |  7- 9 || total
-------------------------+-------+-------+-------++-------
Melee: Halberd           |       |     5 |   116 ||   121
       Short sword       |       |     3 |       ||     3
 Fire: Hand crossbow     |    18 |     7 |    23 ||    48
Invok: Heroism           |       |       |     1 ||     1
 Abil: Device Recharging |       |       |     1 ||     1
Evoke: Wand              |       |     4 |    10 ||    14
  Use: Potion            |       |     3 |     2 ||     5
       Scroll            |       |       |     1 ||     1
 Stab: Invisible         |       |       |     2 ||     2
Armor: Leather armour    |     2 |     3 |       ||     5
       Scale mail        |       |     1 |    71 ||    72
Dodge: Dodged            |     7 |     7 |   123 ||   137
